 Dungeon Crawl Stone Soup version 0.19-a0-1714-gcab94ab (webtiles) character file.

299604 rgaf the Merfolkian Porcupine (level 20, -22/154 HPs)
             Began as a Merfolk Gladiator on Sept 28, 2016.
             Was the Champion of Hepliaklqana.
             Engulfed by a cloud of thunder (23 damage)
             ... on level 3 of the Vaults.
             The game lasted 02:26:53 (57819 turns).

rgaf the Merfolkian Porcupine (Merfolk Gladiator)  Turns: 57819, Time: 02:26:53

Health: -22/154    AC: 24    Str: 15    XL:     20   Next: 99%
Magic:  20/20      EV: 21    Int: 16    God:    Hepliaklqana [******]
Gold:   2046       SH:  0    Dex: 15    Spells: 5 memorised, 4 levels left

rFire  + . .     SeeInvis .     a - +9 bardiche (elec)
rCold  . . .     Gourm    .     S - +4 chain mail {rPois}
rNeg   . . .     Faith    .     (shield currently unavailable)
rPois  +         Spirit   .     M - +2 hat
rElec  .         Dismiss  .     K - +0 cloak
rCorr  .         Reflect  .     A - +1 pair of gloves
MR     ++...     Harm     .     (boots currently unavailable)
Stlth  ..........               (no amulet)
                                D - ring of protection from magic
                                Z - ring of protection from fire

@: drained, very quick
A: change form in water, swift swim, stealthy swim, reduced essence
a: Recall Ancestor, Ancestor Identity, Transference, Idealise, Renounce Religion
}: 2/15 runes: decaying, serpentine


You were on level 3 of the Vaults.
You worshipped Hepliaklqana.
Hepliaklqana was exalted by your worship.
You were not hungry.

You visited 8 branches of the dungeon, and saw 36 of its levels.
You also visited: Sewer and Ice Cave.

You collected 3847 gold pieces.
You spent 1801 gold pieces at shops.

Inventory:

Hand Weapons
 a - a +9 bardiche of electrocution (weapon)
 b - a +2 trident of freezing
Armour
 A - a +1 pair of gloves (worn)
 K - a +0 cloak (worn)
 M - a +2 hat (worn)
 O - a +0 pair of boots (melded)
 S - a +4 chain mail of poison resistance (worn)
Jewellery
 v - an uncursed amulet of guardian spirit {unknown}
 D - a ring of protection from magic (right hand)
 V - a +3 ring of intelligence
 Z - a ring of protection from fire (left hand)
Wands
 n - a wand of paralysis (10/24)
 r - a wand of teleportation (5/9)
 t - a wand of digging (10/24)
 u - a wand of acid (4/15)
 E - a wand of iceblast (1/15)
 F - a wand of lightning (5/15)
 G - a wand of confusion (18/48)
 P - a wand of teleportation (7/9)
 R - a wand of slowing (21/48)
 T - a wand of confusion (36/48)
 W - a wand of digging (13/24)
Scrolls
 f - a scroll of amnesia
 i - 5 scrolls of teleportation
 m - a scroll of holy word
 w - 7 scrolls of identify
 y - 3 scrolls of vulnerability
 I - 13 scrolls of remove curse
 N - a scroll of silence
 Q - a scroll of summoning
 Y - a scroll of recharging
Potions
 c - a potion of cure mutation
 e - 5 potions of agility
 h - 4 potions of berserk rage
 l - 11 potions of flight
 p - 6 potions of might
 q - 10 potions of brilliance
 s - a potion of resistance
 x - 6 potions of mutation
 z - 3 potions of lignification
 B - 3 potions of ambrosia
 H - a potion of haste
 J - 2 potions of curing
 L - 2 potions of magic
Comestibles
 d - 4 bread rations
 g - 5 fruits
 j - 3 meat rations


   Skills:
 * Level 18.5(18.1) Fighting
 O Level 27(26.5) Polearms
 - Level 2.0(1.7) Throwing
 * Level 14.5(14.2) Armour
 + Level 19.8(19.4) Dodging


You had 4 spell levels left.
You knew the following spells:

 Your Spells              Type           Power        Failure   Level  Hunger
a - Apportation           Tloc           #.........   99%         1    ##.....
b - Shroud of Golubria    Chrm/Tloc      #.........   100%        2    ###....
c - Repel Missiles        Chrm/Air       #.....       100%        2    ###....
d - Swiftness             Chrm/Air       #.......     100%        2    ###....
e - Controlled Blink      Tloc           N/A          100%        8    #######


Dungeon Overview and Level Annotations

Branches:
Dungeon (15/15)            Temple (1/1) D:7            Lair (6/6) D:9
  Swamp (4/4) Lair:4        Snake (4/4) Lair:2        Slime (0/5) Lair:5
    Orc (2/2) D:11            Elf (1/3) Orc:2        Vaults (3/5) D:14
 Depths (0/5) D:15
  Crypt: Vaults:2-3

Altars:
Ashenzari
Cheibriados
Dithmenos
Elyvilon
Fedhas
Gozag
Hepliaklqana
Kikubaaqudgha
Makhleb
Nemelex Xobeh
Okawaru
Qazlal
Ru
Sif Muna
Trog
Uskayaw
Vehumet
Xom
Yredelemnul
Zin
The Shining One
Beogh

Shops:
D:6 :   D:7 }   D:8 [   D:13 =   Orc:2 [}([   Elf:1 [*   Vaults:1 **[

Annotations:
Lair:4 exclusion: 2 oklob plants
Swamp:4 Lernaean hydra; Nausicaa's ghost, journeyman FeWr
Elf:1 exclusion: Roxanne, Roxanne
Vaults:3 Mennas


Message History

Aim: Bai Suzhen (thunder, almost dead, catching her breath, lightly drained)
You slash Bai Suzhen!
Bai Suzhen is almost dead.
You are standing in a thunderstorm.
Bai Suzhen bites you!
* * * LOW HITPOINT WARNING * * *
Bai Suzhen claws you but does no damage.
Bai Suzhen tramples you but does no damage.
Attack whom?
Press: ? - help, Dir - move target cursor, f/p - Bai Suzhen
Aim: Bai Suzhen (thunder, almost dead, catching her breath, lightly drained)
You slice Bai Suzhen!! You tail-slap Bai Suzhen.
Bai Suzhen is almost dead.
You are standing in a thunderstorm.
Attack whom?
Press: ? - help, Dir - move target cursor, f/p - Bai Suzhen
Aim: Bai Suzhen (thunder, almost dead, catching her breath, lightly drained)
You slash Bai Suzhen!
You kill Bai Suzhen!
You are standing in a thunderstorm.
You are struck by lightning!
You die...

#.....#..###..#..#..'≈≈'..#.[#
#..)..#..# .#..#R.'≈≈'..#..#
#.....#..###..#..'..####..#†.#
#.....#.......#..#...# .#†.#
#.....#.......#..##########..#
#.....#''###'##..............#
#..........#..#.........)....#
#........###..###.).........(#
#........'..##≈@#............#
#......###.≈##§§###.>....)...#
#......#..##..##..#..........#
#......#..##≈.##..#..........#
#......###..##..###..........#
#....... #.)##..#.....(......#
#....... ###D.###............#
#...... #.d# .........(.#
##'##+#######.....#


There were no monsters in sight!

Vanquished Creatures
  Bai Suzhen (Vaults:3)
  Saint Roka (Orc:2)
  Vashnia (Snake:3)
  Nikola (Swamp:2)
  Jorgrun (Vaults:1)
  Kirke (Swamp:3)
  Donald (Orc:2)
  13 nagarajas
  2 fire giants
  A frost giant (Vaults:3)
  6 vault wardens
  9 ironheart preservers
  Aizul (Snake:4)
  4 very ugly things (Vaults:3)
  3 stone giants
  A dire elephant (D:15)
  Nessos (Orc:2)
  Azrael (Orc:1)
  A deep elf demonologist (Elf:1)
  An ettin (Orc:2)
  Snorg (Lair:3)
  3 great orbs of eyes
  Josephine (Lair:4)
  6 vault guards
  4 yaktaur captains
  Fannar (Lair:3)
  13 hydras
  3 rakshasas
  9 naga warriors
  2 ice dragons
  Harold (Lair:4)
  5 ghost crabs
  12 anacondas
  A death knight (D:15)
  4 centaur warriors
  8 alligators
  A dancing weapon (Elf:1)
  The ghost of Sweetruy1997 the Blocker, a journeyman GrFi of Nemelex Xobeh (Orc:2)
  2 deep troll shamans
  2 tengu warriors
  A vampire mage (Vaults:3)
  A deep troll earth mage (Vaults:3)
  6 ogre magi
  Urug (Lair:3)
  13 naga sharpshooters
  An orc high priest (Orc:2)
  8 deep elf knights
  2 spriggans (Swamp:1)
  8 shock serpents
  Nergalle (Lair:3)
  2 shadow wraiths
  2 salamander mystics
  An unseen horror (shapeshifter) (Vaults:3)
  A skeletal warrior (D:14)
  A spriggan druid (Swamp:3)
  A sea snake (Snake:2)
  8 naga ritualists
  7 swamp dragons
  7 deep elf archers
  A flayed ghost (Vaults:3)
  7 deep trolls
  2 wizards (Vaults:3)
  A harpy (shapeshifter) (Vaults:2)
  7 hill giants
  9 orc knights
  6 ironbrand convokers
  5 mana vipers
  2 necromancers
  3 wolf spiders
  A hornet (Vaults:1)
  25 deep elf magi
  4 manticores
  A salamander (shapeshifter) (Vaults:2)
  2 frost giant zombies
  19 ugly things
  A manticore (shapeshifter) (D:14)
  A faun (shapeshifter) (Vaults:3)
  4 orc sorcerers
  5 cyclopes
  11 salamanders
  A human zombie (Vaults:2)
  17 naga magi
  42 black mambas
  An ice statue (IceCv)
  9 vault sentinels
  17 guardian serpents
  6 elephants (Lair:6)
  A gargoyle (D:10)
  2 kobold demonologists
  17 spiny frogs
  The ghost of jujuben the Slinger, a novice HaHu of Dithmenos (D:5)
  A rime drake (Lair:3)
  20 yaktaurs
  3 komodo dragons
  13 freezing wraiths
  A tengu conjurer (D:15)
  A troll (shapeshifter) (D:13)
  4 trolls
  A jumping spider (shapeshifter) (Vaults:2)
  A meliai (shapeshifter) (Vaults:2)
  12 tyrant leeches
  2 meliai (D:13)
  A wind drake (shapeshifter) (Elf:1)
  16 two-headed ogres
  7 bog bodies
  Grinder (D:6)
  15 slime creatures
  13 blink frogs
  8 dream sheep
  A stone giant simulacrum (Vaults:2)
  5 hippogriffs
  2 human simulacra
  An air elemental (Orc:2)
  2 vampires
  6 wraiths
  2 shadows (D:14)
  3 wyverns
  8 hogs
  6 fire bats (Lair:5)
  33 yaks
  2 fire elementals
  A golden eye (shapeshifter) (Vaults:1)
  2 basilisks
  28 vampire mosquitoes
  A hungry ghost (D:11)
  A human (D:7)
  A warg (shapeshifter) (Vaults:2)
  A death yak simulacrum (IceCv)
  20 swamp worms
  3 mottled dragons
  3 insubstantial wisps (Swamp:1)
  55 nagas
  A soldier ant (D:12)
  3 hell hounds
  12 porcupines
  9 swamp drakes
  7 wasps
  2 sky beasts
  9 water moccasins
  An ice beast (shapeshifter) (Vaults:1)
  45 orc warriors
  An eye of draining (shapeshifter) (Vaults:1)
  2 phantoms (D:9)
  An eye of draining (D:12)
  17 ice beasts
  32 ogres
  2 necrophages
  10 boggarts
  7 wolves
  31 centaurs
  12 crocodiles
  18 bullfrogs
  5 scorpions
  6 killer bees (D:11)
  A swamp dragon simulacrum (IceCv)
  6 howler monkeys
  2 wights (D:7)
  8 electric eels
  A hexer (Lair:3)
  2 lava snakes
  5 crimson imps
  3 centaur zombies
  3 draconian simulacra (IceCv)
  A bullfrog skeleton (D:12)
  6 hounds
  6 jellies
  A quasit (D:7)
  26 orc priests
  A gnoll shaman (D:5)
  37 orc wizards
  3 centaur skeletons
  9 iguanas
  Natasha (thrice) (D:2)
  6 troll simulacra (IceCv)
  A siren (Sewer)
  11 worker ants
  A merfolk avatar (Sewer)
  2 wolf simulacra (IceCv)
  2 centaur simulacra (IceCv)
  3 gnolls (D:5)
  12 adders
  5 naga simulacra (IceCv)
  4 ogre simulacra (IceCv)
  25 river rats
  6 shadow imps
  11 white imps (IceCv)
  4 oozes
  2 adder zombies (D:5)
  An adder skeleton (D:7)
  4 worms
  3 dart slugs
  8 leopard geckos
  97 orcs
  7 giant cockroaches
  3 goblins
  7 hobgoblins
  7 jackals
  8 kobolds
  5 quokkas
  6 ball pythons
  15 bats
  7 frilled lizards
  A leopard gecko skeleton (D:8)
  A quokka zombie (D:9)
  41 rats
  A fungus (Lair:4)
1415 creatures vanquished.

Vanquished Creatures (collateral kills)
  A nagaraja (Snake:2)
  A vault warden (Vaults:2)
  A stone giant (Vaults:2)
  A deep elf death mage (Elf:1)
  A yaktaur captain (Vaults:3)
  A naga warrior (Snake:4)
  A centaur warrior (Vaults:2)
  A hydra (Swamp:4)
  An ogre mage (Vaults:3)
  2 shock serpents
  A naga sharpshooter (Snake:4)
  A sea snake (Snake:2)
  A swamp dragon (Swamp:4)
  An unseen horror (Vaults:1)
  A naga ritualist (Snake:3)
  A hill giant (D:15)
  An ironbrand convoker (Vaults:2)
  A deep elf mage (Elf:1)
  3 ugly things (Vaults:2)
  2 mana vipers (Snake:2)
  A salamander (Snake:3)
  A fire giant zombie (Vaults:2)
  An elephant (Lair:6)
  4 black mambas
  A naga mage (Snake:4)
  7 spiny frogs
  A vault sentinel (Vaults:3)
  A guardian serpent (Snake:4)
  A komodo dragon (Lair:1)
  3 yaktaurs
  A troll (D:13)
  A meliai (D:13)
  2 tyrant leeches (Lair:6)
  A two-headed ogre (Vaults:3)
  A blink frog (Lair:6)
  A dream sheep (Lair:6)
  4 slime creatures
  2 hippogriffs
  A spriggan (Swamp:1)
  A vampire (D:14)
  2 wraiths (Lair:4)
  A fire bat (Lair:5)
  4 yaks
  2 vampire mosquitoes
  A warg (Orc:2)
  4 nagas
  A porcupine (Lair:1)
  3 ice beasts
  3 orc warriors
  A boggart (Vaults:1)
  A wolf (Lair:2)
  An ogre (D:12)
  A centaur (D:15)
  A big kobold (D:9)
  3 bullfrogs
  A wight (D:7)
  An electric eel (Lair:5)
  A crimson imp (D:7)
  A hound (D:8)
  6 orc wizards
  4 river rats
  A shadow imp (D:8)
  A white imp (IceCv)
  An ooze (Lair:5)
  9 orcs
  7 bats (D:9)
  A quokka (D:9)
  3 kobolds (D:9)
  2 rats (D:9)
  A plant (D:9)
129 creatures vanquished.

Vanquished Creatures (others)
  A vault warden (Vaults:3)
  A black mamba (Lair:5)
  A flying skull (Vaults:3)
  3 humans (Swamp:3)
  A swamp worm (Swamp:4)
  An orc wizard (Orc:1)
  An ancestor (D:8)
  57 hexers
  A killer bee zombie (D:7)
  An orc (Orc:1)
  13 fungi
  31 plants
112 creatures vanquished.

Grand Total: 1656 creatures vanquished

Notes
Turn   | Place    | Note
-------+----------+-------------------------------------------
     0 | D:1      | rgaf the Merfolk Gladiator began the quest for the Orb.
     0 | D:1      | Reached XP level 1. HP: 16/16 MP: 1/1
   168 | D:1      | Reached XP level 2. HP: 23/23 MP: 2/2
   300 | D:1      | Reached skill level 5 in Polearms
   549 | D:1      | Reached XP level 3. HP: 12/28 MP: 3/3
  1253 | D:2      | Noticed Natasha
  1264 | D:2      | Killed Natasha
  1322 | D:2      | Noticed Natasha
  1507 | D:2      | Killed Natasha
  1507 | D:2      | Reached XP level 4. HP: 5/35 MP: 4/4
  1719 | D:2      | Reached skill level 6 in Polearms
  1733 | D:2      | Noticed Natasha
  1742 | D:2      | Killed Natasha
  2068 | D:2      | Reached skill level 5 in Dodging
  2090 | D:2      | Reached XP level 5. HP: 20/41 MP: 5/5
  3175 | D:3      | Found an iron altar of Okawaru.
  3447 | D:3      | Reached skill level 7 in Polearms
  3502 | D:3      | Found a glowing drain.
  3614 | Sewer    | Entered a sewer
  3733 | Sewer    | Reached XP level 6. HP: 48/48 MP: 6/6
  4049 | D:3      | Found a faded altar of an unknown god.
  4264 | D:4      | Reached skill level 8 in Polearms
  4571 | D:4      | Reached XP level 7. HP: 55/55 MP: 7/7
  5145 | D:4      | Reached skill level 9 in Polearms
  5359 | D:5      | Entered Level 5 of the Dungeon
  5407 | D:5      | Noticed jujuben's ghost (novice HaHu)
  5765 | D:5      | Reached skill level 5 in Fighting
  5941 | D:5      | Reached XP level 8. HP: 31/62 MP: 8/8
  5997 | D:5      | Reached skill level 10 in Polearms
  6399 | D:5      | Killed jujuben's ghost
  6498 | D:5      | Reached skill level 11 in Polearms
  7202 | D:6      | Found Wisim's Book Emporium.
  7220 | D:6      | Noticed Grinder
  7238 | D:6      | Killed Grinder
  7238 | D:6      | Reached skill level 12 in Polearms
  7238 | D:6      | Reached XP level 9. HP: 62/71 MP: 9/9
  7929 | D:7      | Reached skill level 13 in Polearms
  8111 | D:7      | Found a staircase to the Ecumenical Temple.
  8163 | Temple   | Entered the Ecumenical Temple
  8207 | Temple   | Became a worshipper of Hepliaklqana
  8260 | D:7      | Found Duteut's Gadget Shoppe.
  8494 | D:7      | Found a stormy altar of Qazlal.
  9008 | D:8      | Found Nyigue's Armour Shoppe.
  9029 | D:8      | Reached skill level 14 in Polearms
  9029 | D:8      | Reached XP level 10. HP: 71/72 MP: 10/10
  9032 | D:8      | Bought a +4 chain mail of poison resistance for 370 gold pieces
  9115 | D:8      | Reached * piety under Hepliaklqana
  9477 | D:8      | Reached skill level 10 in Dodging
  9928 | D:9      | Noticed a kobold demonologist
  9938 | D:9      | Noticed an orange demon
  9971 | D:9      | Killed a kobold demonologist
 10142 | D:9      | Reached skill level 15 in Polearms
 10530 | D:9      | Identified a scroll of acquirement
 10545 | D:9      | Reached ** piety under Hepliaklqana
 10960 | D:9      | Found a staircase to the Lair.
 11047 | Lair:1   | Entered Level 1 of the Lair of Beasts
 11058 | Lair:1   | Remembered your ancestor Septimus as a hexer
 11108 | Lair:1   | Noticed a spiny frog
 11117 | Lair:1   | Killed a spiny frog
 11276 | Lair:1   | Reached skill level 16 in Polearms
 11276 | Lair:1   | Reached XP level 11. HP: 70/80 MP: 11/11
 11555 | Lair:1   | Noticed a five-headed hydra
 11571 | Lair:1   | Killed a five-headed hydra
 11694 | Lair:1   | Reached *** piety under Hepliaklqana
 12419 | Lair:2   | Reached skill level 17 in Polearms
 12431 | Lair:2   | Found a staircase to the Snake Pit.
 12473 | Lair:2   | Reached skill level 10 in Fighting
 13353 | Lair:2   | Reached skill level 18 in Polearms
 13359 | Lair:2   | Reached **** piety under Hepliaklqana
 13670 | Lair:3   | Reached XP level 12. HP: 75/88 MP: 12/12
 13760 | Lair:3   | Found a hide-covered altar of Uskayaw.
 13788 | Lair:3   | Noticed Urug
 13802 | Lair:3   | Killed Urug
 13802 | Lair:3   | Reached skill level 1 in Armour
 14161 | Lair:3   | Noticed a six-headed hydra
 14185 | Lair:3   | Killed a six-headed hydra
 14345 | Lair:3   | Noticed Nergalle
 14374 | Lair:3   | Killed Nergalle
 14499 | Lair:3   | Noticed a four-headed hydra
 14500 | Lair:3   | Noticed Snorg
 14703 | Lair:3   | Killed a four-headed hydra
 14722 | Lair:3   | Killed Snorg
 15023 | Lair:3   | Noticed Fannar
 15049 | Lair:3   | Killed Fannar
 15206 | Lair:3   | Reached skill level 19 in Polearms
 15238 | Lair:4   | Noticed Harold
 15399 | Lair:4   | Killed Harold
 15669 | Lair:4   | Noticed an eight-headed hydra
 15670 | Lair:4   | Reached XP level 13. HP: 95/95 MP: 13/13
 16118 | Lair:4   | Reached ***** piety under Hepliaklqana
 16666 | Lair:4   | Reached skill level 5 in Armour
 16854 | Lair:4   | Found a staircase to the Swamp.
 17119 | Lair:4   | Noticed Josephine
 17138 | Lair:4   | Killed Josephine
 17570 | Lair:5   | Reached skill level 20 in Polearms
 17627 | Lair:5   | Found a frozen archway.
 17679 | IceCv    | Entered an ice cave
 18253 | IceCv    | Found an ancient bone altar of Kikubaaqudgha.
 19189 | Lair:5   | Found a staircase to the Slime Pits.
 20035 | Lair:6   | Entered Level 6 of the Lair of Beasts
 20069 | Lair:6   | Reached XP level 14. HP: 78/103 MP: 14/14
 20397 | Lair:6   | Reached ****** piety under Hepliaklqana
 21057 | Lair:6   | Reached skill level 21 in Polearms
 21623 | Lair:6   | Learned a level 1 spell: Apportation
 21626 | Lair:6   | Learned a level 2 spell: Shroud of Golubria
 22002 | D:10     | Entered Level 10 of the Dungeon
 22096 | D:10     | Found a snail-covered altar of Cheibriados.
 22101 | D:10     | Reached skill level 15 in Dodging
 22301 | D:10     | Found a glowing golden altar of the Shining One.
 23193 | D:11     | Found a staircase to the Orcish Mines.
 23454 | Orc:1    | Entered Level 1 of the Orcish Mines
 23872 | Orc:1    | Found a radiant altar of Vehumet.
 24182 | Orc:2    | Entered Level 2 of the Orcish Mines
 24186 | Orc:2    | Noticed Nessos
 24206 | Orc:2    | Noticed Azrael
 24559 | Orc:1    | Killed Azrael
 24864 | Orc:2    | Noticed Donald
 25260 | Orc:2    | Noticed Sweetruy1997's ghost (journeyman GrFi)
 25606 | Orc:2    | Killed Sweetruy1997's ghost
 25628 | Orc:2    | Killed Nessos
 25872 | Orc:2    | Found a roughly hewn altar of Beogh.
 25902 | Orc:2    | Killed Donald
 25902 | Orc:2    | Reached XP level 15. HP: 63/109 MP: 15/15
 26556 | Orc:2    | Noticed Saint Roka
 26979 | Orc:2    | Reached skill level 22 in Polearms
 27135 | Orc:2    | Killed Saint Roka
 27551 | Orc:2    | Found a roughly hewn altar of Beogh.
 27553 | Orc:2    | Found Xammolil's Gadget Shoppe.
 27585 | Orc:2    | Found Sapp's Antique Weapon Boutique.
 27586 | Orc:2    | Found a roughly hewn altar of Beogh.
 27589 | Orc:2    | Found Poryla Ware's Antique Armour Shop.
 27664 | Orc:2    | Found a staircase to the Elven Halls.
 27688 | Orc:2    | Found a roughly hewn altar of Beogh.
 27709 | Orc:2    | Found Fifogiar's Armour Shoppe.
 27808 | Orc:2    | Bought a polished plate armour for 1092 gold pieces
 27818 | Orc:2    | Identified the +0 plate armour of the Abyss {rC- Int+5 SInv} (You bought it in a shop on level 2 of the Orcish Mines)
 28638 | D:12     | You fall through a shaft for 2 floors!
 30149 | D:13     | Found Boluet's Jewellery Shoppe.
 30892 | D:14     | Found a white marble altar of Elyvilon.
 31318 | D:14     | Found a gate to the Vaults.
 31610 | D:15     | Entered Level 15 of the Dungeon
 32646 | D:15     | Reached XP level 16. HP: 87/117 MP: 16/16
 32765 | D:15     | Found a staircase to the Depths.
 32791 | D:15     | Reached skill level 23 in Polearms
 33135 | Elf:1    | Entered Level 1 of the Elven Halls
 33354 | Elf:1    | Reached skill level 10 in Armour
 34641 | Elf:1    | Found Anakh's General Store.
 34641 | Elf:1    | Found Luffejom's Armour Boutique.
 34661 | Elf:1    | Bought 3 scrolls of fear for 157 gold pieces
 34662 | Elf:1    | Bought a scroll of identify for 30 gold pieces
 34890 | Elf:1    | Noticed Roxanne
 35598 | Swamp:1  | Entered Level 1 of the Swamp
 36856 | Swamp:1  | You fall through a shaft!
 37065 | Swamp:2  | Noticed Nikola
 37087 | Swamp:2  | Killed Nikola
 37090 | Swamp:2  | Got a pair of faintly glowing gloves
 37101 | Swamp:2  | Identified the cursed -4 pair of gloves of Lifelessness {+Fly Regen+} (You took it off Nikola on level 2 of the Swamp)
 37610 | Swamp:2  | Reached skill level 24 in Polearms
 37944 | Swamp:3  | Noticed Kirke
 38156 | Swamp:3  | Killed Kirke
 38156 | Swamp:3  | Reached XP level 17. HP: 110/125 MP: 17/17
 38389 | Swamp:3  | Learned a level 2 spell: Repel Missiles
 38392 | Swamp:3  | Learned a level 2 spell: Swiftness
 38778 | Swamp:4  | Entered Level 4 of the Swamp
 39861 | Swamp:4  | Noticed the 27-headed Lernaean hydra
 39869 | Swamp:4  | Noticed Nausicaa's ghost (journeyman FeWr)
 39881 | Swamp:4  | Got a decaying rune of Zot
 40188 | Snake:1  | Entered Level 1 of the Snake Pit
 41717 | Snake:1  | Found an opulent altar of Gozag.
 43406 | Snake:2  | Reached skill level 25 in Polearms
 44103 | Snake:2  | You fall through a shaft!
 44107 | Snake:3  | Noticed Vashnia
 44419 | Snake:3  | Reached XP level 18. HP: 133/133 MP: 18/18
 44460 | Snake:3  | Reached skill level 15 in Fighting
 45785 | Snake:3  | Killed Vashnia
 46211 | Snake:4  | Entered Level 4 of the Snake Pit
 46906 | Snake:4  | Learned a level 8 spell: Controlled Blink
 48005 | Snake:4  | Noticed Aizul
 48014 | Snake:4  | Killed Aizul
 48804 | Snake:4  | Reached skill level 26 in Polearms
 49613 | Snake:4  | Reached XP level 19. HP: 114/141 MP: 19/19
 49934 | Snake:4  | Got a serpentine rune of Zot
 50266 | Vaults:1 | Entered Level 1 of the Vaults
 50382 | Vaults:1 | Found Wasmupea's General Store.
 50390 | Vaults:1 | Bought a scroll of teleportation for 57 gold pieces
 50390 | Vaults:1 | Bought a potion of heal wounds for 95 gold pieces
 50567 | Vaults:1 | Noticed Jorgrun
 51307 | Vaults:1 | Killed Jorgrun
 51829 | Vaults:1 | Found Ipyjacwa's General Store.
 53022 | Vaults:1 | Found Parphy's Antique Armour Emporium.
 54037 | Vaults:2 | Reached skill level 27 in Polearms
 54119 | Vaults:2 | Reached XP level 20. HP: 127/151 MP: 20/20
 56221 | Vaults:3 | Noticed Mennas
 56872 | Vaults:3 | Noticed Bai Suzhen
 57228 | Vaults:3 | HP: 7/154 [orc warrior/dire flail of draining[an orc knight] (15)]
 57817 | Vaults:3 | HP: 1/154 [Bai Suzhen (9)]
 57819 | Vaults:3 | Killed Bai Suzhen
 57819 | Vaults:3 | Engulfed by a cloud of thunder

Vault maps used:
D:1:      minmay_arrival_nine_rooms, hangedman_decor_clover_reticule
D:2:      uniq_natasha
D:3:      ecumenical_altar_1, portal_sewer_entry_e, okawaru_ov_weapons_minmay
D:4:      first_bread
D:6:      serial_shops, shop_statue, minmay_fountain_box, uniq_grinder
D:7:      serial_shops, nicolae_shop_behind_doors, grunt_livestock,
          nicolae_qazlal_eye_of_the_storm
D:8:      serial_shops, shop
D:9:      minmay_ornate_pinched, grunt_lair_entry_orc_guard_hut
D:10:     hangedman_feature_mirror
D:11:     orc_0_dummy
D:13:     kennysheep_small_square
D:14:     david_vaults_4, elyvilon_altar_5, small_statue_intersection
D:15:     hangedman_depths_entry_try_elsewhere_first, spider_trap
Temple:   grunt_wide_crystal_templ
Lair:1:   serial_bayou_shore_b, grunt_megastairs_3
Lair:2:   guppyfry_snake_entry_garden, grunt_megastairs_1
Lair:3:   basic_altar, uniq_snorg, uniq_urug, uniq_nergalle, uniq_fannar
Lair:4:   beast_lair_carwin_large_2, nicolae_swamp_entry_splash_gauntlet,
          dpeg_oklob_1, uniq_josephine, uniq_harold
Lair:5:   nicolae_slime_entry_slimehenge, portal_ice_cave_entry_ice_beasts,
          serial_bayou_shore_a, serial_bayou_shore_b
Lair:6:   minmay_lair_end_frog_pond, lab_entry_generic
Swamp:1:  evilmike_swamp_ruin_house_5, infiniplex_staircase_pool_2
Swamp:2:  hangedman_swamp_diagram, swamp_pool2, uniq_nikola
Swamp:3:  hangedman_swamp_lotus, uniq_kirke
Swamp:4:  swamp_alternative, swamp_pool2
Snake:1:  basic_altar, serial_bayou_shore_b
Snake:2:  serial_bayou_ford_a, nrook_guardian_serpent_double
Snake:3:  uniq_vashnia
Snake:4:  grunt_snake_rune_serpentine_throne, uniq_aizul
Orc:1:    basic_altar, serial_shops
Orc:2:    grunt_orc_community_town_hall, grunt_orc_community_big_house_1,
          grunt_orc_community_big_house_2, grunt_orc_community_house_2,
          grunt_orc_community_house_2, grunt_orc_community_house_1,
          grunt_orc_community_house_3, uniq_azrael, uniq_donald, uniq_nessos
Elf:1:    elf_arrival_002, nicolae_trove_entry_free_sample, orc_legates,
          minmay_shoptagon, uniq_roxanne
Vaults:1: v_misc_4, v_misc_9, hangedman_vaults_stretched_pinwheel,
          grunt_vaults_twisty, vaults_room_ringed_pool, v_alt_pattern_5,
          v_misc_12, v_misc_5, v_misc_14, vaults_dpeg_cross,
          nicolae_vaults_little_squares_1, ontoclasm_vaults_idyll,
          vaults_dpeg_hooks, ontoclasm_vaults_twist, ontoclasm_vaults_ligature,
          serial_shops, shop, shop, shop, uniq_jorgrun
Vaults:2: vaults_mumra_chevron, nicolae_vaults_network_star,
          hangedman_vaults_maws, ontoclasm_vaults_idyll,
          nicolae_vaults_triangles, hangedman_vaults_corner_blocks, v_misc_13
Vaults:3: vaults_room_octagon, minmay_crypt_entry_simple_statues,
          vaults_mumra_hexcomb, vaults_mumra_minichess_inversion, v_rooms_6,
          nicolae_vaults_holding_cells, dpeg_vaults_monster_box,
          vaults_room_pool, grunt_vaults_diagonal,
          ontoclasm_vaults_decontamination, serial_ice_b,
          nicolae_vaults_yaktaur_gun_rack, serial_shops, shop, uniq_bai_suzhen,
          uniq_mennas
Sewer:    sewer_sea
IceCv:    ice_cave_small_necro

Skill      XL: |  1  2  3  4  5  6  7  8  9 10 11 12 13 14 15 16 17 18 19 20 |
---------------+-------------------------------------------------------------+-----
Polearms       | 5 6 7 8 9 12 14 16 18 19 20 21 22 24 25 26 27 | 27.0
Fighting       | 3 4 5 6 7 9 10 11 12 13 14 16 17 18 | 18.5
Dodging        | 5 6 8 9 11 12 13 14 15 16 17 18 19 | 19.8
Armour         | 4 6 8 9 11 12 13 14 | 14.5
Throwing       | |  2.0

Action                   |  1- 3 |  4- 6 |  7- 9 | 10-12 | 13-15 | 16-18 | 19-21 || total
-------------------------+-------+-------+-------+-------+-------+-------+-------++-------
Melee: Trident           |    86 |   375 |   563 |   285 |    92 |    36 |       ||  1437
       Tailslap          |       |     2 |       |       |       |    24 |     2 ||    28
       Dagger            |       |       |    15 |       |       |       |       ||    15
       Bardiche          |       |       |       |   353 |  1422 |  1264 |   927 ||  3966
Invok: Ancestor Life: He |       |       |       |     1 |       |       |       ||     1
       Recall Ancestor   |       |       |       |       |     4 |     9 |     3 ||    16
Evoke: Wand              |       |     1 |       |       |     6 |    17 |     4 ||    28
  Use: Scroll            |       |     6 |     3 |    17 |    16 |    32 |    15 ||    89
       Potion            |       |       |     3 |     3 |    12 |     6 |     6 ||    30
 Stab: Sleeping          |       |     3 |     1 |       |       |       |       ||     4
       Distracted        |       |       |       |     8 |    32 |    14 |    14 ||    68
       Confused          |       |       |       |     8 |    18 |    12 |    55 ||    93
       Paralysed         |       |       |       |       |    22 |    50 |    45 ||   117
  Eat: Chunk             |       |    11 |    13 |    20 |    32 |    12 |    19 ||   107
       Fruit             |       |     1 |       |     1 |       |     3 |     1 ||     6
       Pizza             |       |       |     1 |       |     4 |       |       ||     5
       Beef jerky        |       |       |       |     1 |     2 |     3 |     1 ||     7
       Meat ration       |       |       |       |       |     2 |     3 |     2 ||     7
       Bread ration      |       |       |       |       |     1 |     4 |       ||     5
       Royal jelly       |       |       |       |       |       |     1 |       ||     1
Armor: Leather armour    |    21 |    70 |    16 |       |       |       |       ||   107
       Chain mail        |       |       |   156 |   191 |   531 |   425 |   151 ||  1454
Dodge: Dodged            |    53 |   189 |   159 |   262 |   766 |   525 |   234 ||  2188
